Map: Emerald City CE

Players

Ekelpack - Winner!

  • Race: Zerg Zerg
  • Spawn Location: 5:00

Nyck - Winner!

  • Race: Terran Terran
  • Spawn Location: 5:00

Mark

  • Race: Protoss Protoss
  • League: Master
  • Spawn Location: 11:00

MerliN

  • Race: Protoss Protoss
  • Spawn Location: 11:00

VOD

Have the link to the VOD?

Description

Time

  • Played on: April 15, 2025, 3:04 p.m.
  • Length: 11:34
Show
View Real Time Build Order
Export as new Build Order

Ekelpack Zerg - Winner!

Build Orders: Hatch First 

Get SALT Encoding   

  12  0:00  Drone  
  13  0:12  Overlord  
  13  0:18  Drone  
  14  0:30  Drone x2  
  14  0:34  Drone  
  17  0:53  Hatchery  
  17  0:55  Drone  
  17  0:59  Extractor  
  17  1:00  Drone  
  17  1:15  Spawning Pool  
  17  1:17  Drone  
  17  1:24  Drone  
  18  1:28  Drone  
  19  1:38  Drone  
  20  2:04  Queen, Metabolic Boost  
  20  2:06  Queen  
  20  2:07  Drone  
  25  2:14  Overlord  
  25  2:16  Drone  
  25  2:19  Drone  
  27  2:24  Drone  
  28  2:34  Drone  
  28  2:35  Drone  
  30  2:40  Drone  
  30  2:41  Lair  
  31  2:46  Extractor  
  30  2:53  Drone  
  30  2:56  Drone x2  
  33  3:02  Drone, Extractor  
  33  3:04  Overlord  
  33  3:14  Zergling x6  
  33  3:15  Overlord  
  36  3:23  Zergling x2  
  36  3:24  Zergling x6  
  40  3:41  Hydralisk Den  
  39  3:43  Drone x2, Evolution Chamber  
  39  3:45  Drone x2  
  42  3:49  Overlord  
  42  3:53  Drone x2  
  42  3:54  Drone  
  45  4:00  Drone  
  46  4:05  Extractor  
  45  4:11  Spore Crawler x2  
  45  4:12  Drone x2  
  45  4:14  Spore Crawler  
  45  4:16  Spore Crawler  
  43  4:36  Drone x5  
  48  4:38  Zerg Missile Weapons Level 1  
  48  4:39  Grooved Spines  
  48  4:49  Pneumatized Carapace  
  48  4:50  Overlord  
  46  5:23  Overlord  
  46  5:25  Hydralisk x8  
  46  5:27  Hatchery  
  59  5:37  Muscular Augments  
  59  6:04  Queen  
  59  6:15  Hydralisk  
  59  6:16  Hydralisk x7  
  66  6:28  Drone x10  
  76  6:35  Zerg Missile Weapons Level 2  
  76  6:50  Drone x4  
  76  6:53  Extractor  
  79  6:54  Overlord  
  79  6:56  Extractor  
  79  7:01  Drone x3  
  81  7:13  Drone  
  81  7:14  Drone  
  81  7:15  Drone x3  
  86  7:20  Overlord  
  86  7:29  Hydralisk  
  86  7:30  Hydralisk  
  90  7:47  Hydralisk  
  90  7:48  Hydralisk x3  
  90  7:49  Overlord  
  90  7:50  Overlord  
  98  8:17  Overlord x2, Hydralisk x2  
  98  8:18  Hydralisk x6  
  114  8:20  Overlord x2  
  114  8:39  Hatchery  
  114  8:40  Hydralisk  
  115  8:41  Hydralisk x10  
  135  8:51  Zerg Ground Armor Level 1  
  135  9:16  Hydralisk  
  135  9:17  Hydralisk x4  
  135  9:18  Overlord x3  
  91  10:09  Hydralisk  
  91  10:10  Hydralisk x16  
  109  10:21  Hydralisk  
  109  10:22  Hydralisk x4  
  115  10:41  Hydralisk x4  
  115  10:42  Zergling x2, Hydralisk x3  
  126  10:43  Zergling x10  
  126  10:47  Extractor  
  126  10:49  Extractor  
Show
View Real Time Build Order
Export as new Build Order

Nyck Terran - Winner!

Build Orders:  

Get SALT Encoding   

  12  0:00  SCV  
  13  0:12  SCV  
  14  0:17  Supply Depot  
  14  0:24  SCV  
  15  0:39  SCV  
  15  0:41  Barracks  
  16  0:49  Refinery  
  16  0:51  SCV  
  17  1:03  SCV  
  18  1:15  SCV  
  18  1:18  Barracks  
  19  1:28  Orbital Command  
  19  1:29  Supply Depot  
  19  1:32  Reaper  
  20  1:48  Refinery  
  20  1:53  SCV  
  21  2:07  Barracks Tech Lab  
  21  2:08  Barracks Reactor  
  21  2:18  SCV  
  21  2:19  Command Center  
  22  2:28  Combat Shield  
  22  2:30  SCV  
  23  2:40  Marine  
  24  2:48  SCV  
  25  2:54  Marine x2  
  27  3:00  SCV  
  28  3:10  Marauder  
  28  3:12  SCV  
  31  3:28  Marine  
  31  3:30  Marine  
  31  3:31  SCV  
  31  3:32  Supply Depot  
  31  3:33  Marauder  
  35  3:40  Barracks  
  35  3:42  Orbital Command  
  35  3:44  Barracks  
  35  3:50  SCV  
  35  3:54  Stimpack  
  36  3:55  Marine  
  38  4:02  SCV  
  38  4:10  Engineering Bay  
  38  4:14  SCV  
  39  4:24  Marine  
  39  4:25  Marine x2  
  39  4:27  SCV  
  43  4:34  Barracks Reactor  
  43  4:35  Barracks Reactor  
  43  4:38  Factory  
  43  4:42  Engineering Bay  
  43  4:44  Terran Infantry Weapons Level 1  
  43  4:50  Marine x2  
  43  4:52  SCV  
  46  4:54  SCV  
  46  4:58  Marine  
  48  5:04  SCV  
  48  5:06  SCV  
  50  5:09  Terran Infantry Armor Level 1  
  50  5:13  Marine x4  
  54  5:21  Factory Tech Lab  
  54  5:23  Starport  
  54  5:24  Marine  
  54  5:25  Marine  
  54  5:26  Marauder  
  58  5:30  Armory  
  58  5:31  SCV  
  58  5:32  SCV  
  58  5:34  Concussive Shells  
  60  5:47  Siege Tank  
  60  5:48  Supply Depot, Marine x2, Marauder  
  60  5:49  Marine  
  68  5:50  Marine  
  68  5:52  Marine  
  70  6:00  Starport Reactor  
  70  6:05  Supply Depot  
  70  6:09  Marine x2  
  72  6:25  Siege Tank  
  75  6:39  SCV x2  
  77  6:40  Supply Depot  
  77  6:43  Refinery  
  77  6:46  Refinery  
  77  6:49  Terran Infantry Weapons Level 2  
  77  6:50  Supply Depot  
  77  6:52  Marine x4  
  77  6:53  Marine  
  82  6:54  Command Center  
  82  6:57  Siege Tank  
  85  7:10  Sensor Tower  
  85  7:17  Marine x5  
  85  7:18  Marine x2  
  85  7:22  Terran Infantry Armor Level 2  
  92  7:26  Refinery  
  92  7:35  SCV x2  
  94  7:40  Medivac  
  94  7:42  Medivac  
  98  7:47  SCV x2  
  98  7:48  Marine  
  98  7:49  Marine  
  102  8:05  Siege Tank, Marine x5  
  102  8:08  Orbital Command  
  102  8:10  Medivac  
  102  8:11  SCV x2  
  114  8:25  SCV x2  
  116  8:32  Marine  
  117  8:42  Supply Depot, Command Center  
  117  8:47  SCV x2, Marine x4, Marauder  
  125  9:04  Marine x2  
  125  9:05  Supply Depot  
  127  9:10  Marine x4  
  127  9:11  Marauder  
  133  9:26  SCV, Siege Tank, Medivac x2  
  133  9:27  Supply Depot  
  133  9:28  Refinery  
  141  9:47  SCV  
  141  9:51  Supply Depot  
  110  10:11  Orbital Command  
  108  10:14  Supply Depot  
  108  10:15  SCV x3  
  108  10:16  Marine x7  
  108  10:19  Thor  
  108  10:20  Viking x2  
  127  10:33  Marine  
  127  10:34  Marine x3  
  129  10:37  Supply Depot  
Show
View Real Time Build Order
Export as new Build Order

Mark Protoss 

Build Orders: Zealot Archon, Dark Templar Rush 

Get SALT Encoding   

  1  0:00  Probe  
  12  0:06  Probe  
  14  0:17  Pylon  
  14  0:21  Probe  
  15  0:35  Probe  
  16  0:41  Gateway  
  16  0:47  Probe  
  17  0:53  Pylon  
  17  0:57  Assimilator  
  17  1:01  Assimilator  
  17  1:04  Probe  
  18  1:12  Probe  
  19  1:22  Probe  
  20  1:30  Cybernetics Core  
  20  1:46  Zealot  
  22  1:57  Probe  
  23  2:07  Twilight Council  
  23  2:08  Warp Gate  
  23  2:09  Probe  
  24  2:21  Probe  
  25  2:28  Nexus  
  25  2:40  Stalker  
  25  2:44  Gateway  
  27  3:03  Charge  
  27  3:15  Gateway  
  27  3:18  Gateway  
  27  3:34  Zealot x2  
  31  3:42  Dark Shrine  
  31  3:43  Probe  
  32  3:51  Probe  
  32  3:52  Probe  
  33  4:01  Probe  
  35  4:11  Zealot  
  35  4:12  Zealot x2  
  37  4:37  Zealot x4  
  45  4:45  Gateway  
  45  4:57  Pylon  
  45  4:58  Probe  
  45  4:59  Pylon  
  46  5:19  Probe  
  47  5:23  Probe  
  48  5:31  Probe  
  48  5:35  Probe  
  50  5:44  Probe  
  50  5:47  Probe  
  52  5:50  Dark Templar  
  52  5:52  Dark Templar  
  52  5:53  Dark Templar  
  52  5:56  Archon, Probe  
  59  6:00  Dark Templar  
  61  6:08  Probe  
  42  6:20  Probe  
  43  6:26  Zealot x2  
  43  6:27  Zealot x2  
  43  6:29  Archon  
  43  6:32  Probe  
  52  6:34  Gateway  
  52  6:38  Gateway  
  52  6:41  Probe  
  52  6:42  Assimilator  
  53  6:48  Assimilator  
  53  6:49  Probe  
  54  6:58  Zealot, Probe  
  54  6:59  Zealot  
  54  7:00  Zealot  
  60  7:06  Pylon  
  60  7:07  Pylon  
  61  7:10  Probe  
  62  7:24  Probe  
  62  7:27  Dark Templar x2  
  62  7:29  Zealot  
  69  7:36  Probe  
  70  7:44  Probe  
  70  7:50  Nexus  
  71  7:52  Pylon, Probe  
  72  8:00  Archon  
  72  8:02  Probe  
  73  8:06  Dark Templar x2  
  77  8:14  Dark Templar x2  
  77  8:15  Probe  
  77  8:19  Archon x2  
  82  8:23  Zealot x2  
  86  8:31  Pylon  
  86  8:32  Pylon x2  
  86  8:45  Probe  
  86  8:46  Probe  
  86  8:54  Probe x2  
  90  9:03  Probe x2  
  90  9:04  Probe  
  93  9:12  Assimilator, Probe  
  93  9:15  Probe x2  
  93  9:16  Assimilator  
  96  9:22  Probe  
  96  9:23  Dark Templar  
  96  9:24  Dark Templar x2  
  102  9:27  Probe x2, Dark Templar  
  107  9:34  Probe  
  106  9:39  Probe x2  
  88  9:46  Probe  
  73  9:54  Zealot  
  73  9:55  Zealot x2  
  73  9:56  Zealot  
  73  9:57  Zealot x2  
  73  10:00  Zealot  
  50  10:20  Dark Templar  
  50  10:21  Dark Templar x5  
  53  10:22  Dark Templar  
  44  10:54  Zealot  
  44  10:55  Zealot x6  
  54  11:17  Zealot x3  
  50  11:23  Zealot  
Show
View Real Time Build Order
Export as new Build Order

MerliN Protoss 

Build Orders: Nexus First, Carriers, Carrier Rush 

Get SALT Encoding   

  12  0:02  Probe  
  13  0:12  Probe  
  13  0:19  Pylon  
  13  0:20  Probe  
  15  0:36  Probe  
  16  0:48  Probe  
  17  1:01  Nexus  
  17  1:06  Probe  
  17  1:10  Assimilator  
  18  1:15  Assimilator, Probe  
  19  1:23  Probe  
  20  1:39  Probe  
  21  1:46  Gateway  
  21  1:50  Pylon  
  21  1:51  Probe  
  22  2:03  Probe  
  23  2:14  Probe  
  24  2:15  Probe  
  25  2:27  Probe  
  26  2:33  Cybernetics Core  
  26  2:37  Zealot  
  26  2:40  Probe  
  26  2:41  Probe  
  30  2:44  Assimilator  
  30  2:47  Assimilator  
  29  2:52  Probe  
  28  3:06  Probe  
  28  3:07  Probe  
  28  3:09  Stalker  
  30  3:14  Stargate  
  30  3:16  Stargate  
  30  3:18  Probe  
  30  3:19  Probe  
  32  3:28  Probe  
  32  3:30  Probe  
  34  3:36  Probe  
  34  3:38  Probe  
  35  3:47  Probe  
  37  3:57  Probe  
  37  4:01  Fleet Beacon  
  38  4:03  Probe  
  38  4:09  Probe  
  40  4:10  Pylon  
  40  4:18  Probe  
  40  4:21  Probe  
  42  4:31  Carrier  
  42  4:33  Probe  
  42  4:38  Pylon, Carrier  
  43  4:43  Pylon  
  49  4:57  Probe  
  49  5:14  Probe  
  49  5:15  Probe  
  51  5:26  Carrier, Probe  
  51  5:27  Probe  
  53  5:40  Carrier  
  65  5:45  Probe  
  65  5:47  Probe  
  67  5:59  Probe  
  67  6:00  Probe  
  69  6:06  Pylon  
  69  6:08  Pylon  
  69  6:09  Pylon  
  69  6:15  Carrier  
  69  6:27  Probe  
  69  6:28  Probe  
  77  6:42  Carrier  
  83  7:04  Protoss Air Weapons Level 1  
  83  7:05  Probe  
  84  7:09  Carrier  
  90  7:33  Nexus  
  90  7:34  Pylon  
  90  7:46  Pylon, Carrier  
  90  7:47  Pylon  
  90  7:49  Pylon  
  90  7:52  Probe x2  
  98  8:04  Assimilator, Probe x2  
  98  8:05  Carrier  
  100  8:15  Assimilator  
  106  8:21  Probe x2  
  108  8:33  Probe  
  109  8:37  Probe  
  110  8:43  Carrier  
  110  8:45  Probe  
  111  8:49  Probe  
  118  9:06  Probe  
  119  9:12  Stargate  
  119  9:15  Probe x2, Stargate  
  121  9:18  Carrier  
  121  9:19  Probe  
  128  9:31  Probe  
  129  9:43  Probe  
  99  10:06  Carrier  
  95  10:10  Carrier x2  
Tags
 
Add a new tag
Caveats
  • Supply blocks, unpowered buildings, or Contaminate may cause inaccurate times.
  • Supply counts are checked every 10 seconds.